 Dungeon Crawl Stone Soup version 0.17-a0-649-g87edefa (webtiles) character file.

23508 oplop the Spear-Bearer (level 13, -12/95 HPs)
             Began as a Merfolk Ice Elementalist on Apr 17, 2015.
             Was a High Priest of Okawaru.
             Mangled by a harpy (15 damage)
             ... summoned by Kirke
             ... on level 5 of the Lair of Beasts.
             The game lasted 01:05:15 (21955 turns).

oplop the Spear-Bearer (Merfolk Ice Elementalist)  Turns: 21955, Time: 01:05:15

Health: -12/95     AC:  9    Str:  9    XL:     13   Next: 7%
Magic:  11/37      EV: 19    Int: 16    God:    Okawaru [*****.]
Gold:   811        SH:  0    Dex: 17    Spells: 6 memorised, 16 levels left

rFire  . . .     SeeInvis .     a - +0 halberd
rCold  . . .     Clarity  +     k - +2 robe {MR+}
rNeg   . . .     SustAb   .     (no shield)
rPois  .         Gourm    .     B - +2 helmet
rElec  .         Spirit   .     p - +1 cloak
rCorr  .         Warding  .     (no gloves)
rMut   .         Stasis   .     (no boots)
MR     ++...                    M - amulet of clarity
Stlth  +++.......               R - ring of magical power
                                f - ring of stealth

@: about to teleport, very slightly contaminated, very resistant to hostile
enchantments, fairly stealthy
A: change form in water, swift swim, magic resistance 1, mutation resistance 1
a: Heroism, Finesse, Renounce Religion


You were on level 5 of the Lair of Beasts.
You worshipped Okawaru.
Okawaru was extremely pleased with you.
You were hungry.

You visited 3 branches of the dungeon, and saw 18 of its levels.

You collected 811 gold pieces.

Inventory:

Hand weapons
 a - a +0 halberd (weapon)
Missiles
 i - 3 curare-tipped needles
 u - 4 needles of paralysis
 w - 5 needles of frenzy
 J - 8 needles of slowing
Armour
 k - a +2 robe of magic resistance (worn)
 m - a +2 robe of cold resistance
 p - a +1 cloak (worn)
 B - a +2 helmet (worn)
Magical staves
 b - an uncursed staff of energy
Jewellery
 f - a ring of stealth (left hand)
 g - an uncursed ring of ice
 l - an uncursed amulet of resist corrosion
 r - an uncursed ring of flight
 E - an uncursed amulet of warding
 M - an amulet of clarity (around neck)
 R - a ring of magical power (right hand)
Magical devices
 d - a wand of digging (7)
 q - a wand of disintegration (24)
 z - a wand of confusion (7)
 H - a wand of frost (3)
 I - a wand of draining (6)
 P - a wand of enslavement (6)
 Q - a wand of polymorph (12)
Scrolls
 s - a scroll of enchant armour
 y - 3 scrolls of identify
 A - 5 scrolls of remove curse
 C - 2 scrolls of fog
 G - 2 scrolls of amnesia
 S - a scroll of teleportation
Potions
 j - a potion of cure mutation
 n - 3 potions of flight
 o - 2 potions of lignification
 t - a potion of heal wounds
 v - 3 potions of restore abilities
 x - 2 potions of cancellation
 D - a potion of poison
 F - 2 potions of brilliance
 N - a potion of ambrosia
Books
 e - a book of Frost

   Spells                             Type                      Level
   a - Freeze                         Ice                          1
   b - Throw Frost                    Conjuration/Ice              2
   c - Ozocubu's Armour               Charms/Ice                   3
   d - Throw Icicle                   Conjuration/Ice              4
   e - Summon Ice Beast               Ice/Summoning                4
   f - Condensation Shield            Ice                          4
 K - an Akashic Record {highlevel}

   This book is beyond your current level of understanding.

   Spells                             Type                      Level
   a - Dispersal                      Translocation                6
   b - Controlled Blink               Translocation                7
   c - Malign Gateway                 Summoning/Translocation      7
   d - Disjunction                    Translocation                8
   e - Singularity                    Translocation                9
Miscellaneous
 O - a legendary deck of defence {the Elixir}
Comestibles
 c - 6 bread rations
 h - 23 fruits


   Skills:
 - Level 6.9 Fighting
 + Level 13.2 Polearms
 + Level 9.3 Dodging
 - Level 2.1 Stealth
 - Level 11.0 Spellcasting
 + Level 6.1 Conjurations
 - Level 11.3 Ice Magic


You had 16 spell levels left.
You knew the following spells:

 Your Spells              Type           Power        Failure   Level  Hunger
a - Freeze                Ice            ####         1%          1    None
b - Ozocubu's Armour      Chrm/Ice       ####....     2%          3    None
c - Condensation Shield   Ice            #####.....   1%          4    ###....
d - Throw Frost           Conj/Ice       #####.       1%          2    None
e - Summon Ice Beast      Ice/Summ       ####....     12%         4    ###....
f - Throw Icicle          Conj/Ice       #####...     2%          4    ###....


Dungeon Overview and Level Annotations

Branches:
Dungeon (12/15)            Temple (1/1) D:5            Lair (5/8) D:11
  Swamp (0/5) Lair:3       Spider (0/5) Lair:5          Orc (0/4) D:12

Altars:
Ashenzari
Cheibriados
Dithmenos
Elyvilon
Gozag
Kikubaaqudgha
Nemelex Xobeh
Okawaru
Qazlal
Ru
Sif Muna
Trog
Vehumet
Xom
Yredelemnul
Zin
The Shining One

Shops:
D:5 }

Annotations:
D:3 oplop's ghost, average MfIE
Lair:2 exclusion: hydra
Lair:5 Kirke


Innate Abilities, Weirdness & Mutations

You revert to your normal form in water.
You are very nimble and swift while swimming.
You are resistant to hostile enchantments.
You are somewhat resistant to further mutation.


Message History

r - Retreat! s - Stop attacking. w - Wait here. f - Follow me.
Anything else - Stay silent.
Gang up on whom?
Press: ? - help, Dir - move target cursor, f - Kirke
Aim: Kirke (severely wounded, deflecting missiles) Attack!
Kirke casts a spell.
Kirke flickers and vanishes!
Something hits your ice beast!
Your ice beast hits something.
Your ice beast freezes something!
Something summons some harpies!
Your ice beast disappears in a puff of smoke!
The harpy claws you.
* * * LOW HITPOINT WARNING * * *
The harpy claws you but does no damage.
Read which item? (? for menu, Esc to quit)
As you read the scroll of teleportation, it crumbles to dust.
You feel strangely unstable. The harpy claws you!
You die...

## #.. .. .....##.# .. ♣.<.♣#...#
.... ...(.##..## ♣♣ ....#
....#....####PP♣♣ ♣♣♣
...#.##+.##........PP.♣♣♣♣.♣♣♣♣♣♣
....#.....##.....................
..##...♣....#....................
.#†.........##.H@................
#...♣..<..♣..##...............P..
.........÷....##...(..(.....###..
.......♣†......###.....#....###..
....#...........##....#.##.##^...
.♣..#.....#..♣..##......#..#...^.
...##..♣................##..#^...
...##.....#......#..†.^...>^.#...
....#.....##.........^##...#.##..


You could see a harpy.

Vanquished Creatures
  Fannar (Lair:2)
  Nergalle (Lair:4)
  3 hill giants
  A deep elf conjurer (D:10)
  2 black mambas
  6 spiny frogs
  3 komodo dragons
  A torpor snail (Lair:1)
  2 centaur skeletons (D:11)
  A fire drake (Lair:2)
  3 giant leeches (Lair:3)
  4 trolls
  Prince Ribbit (D:6)
  A two-headed ogre (D:10)
  2 blink frogs (Lair:1)
  11 yaks
  Sigmund (D:6)
  A redback (Lair:5)
  3 wyverns
  A shadow (D:11)
  2 hippogriffs
  2 hungry ghosts
  2 hogs
  2 basilisks
  5 wolves
  A human (D:8)
  6 porcupines
  4 water moccasins
  Duvessa (D:5)
  3 black bears (D:11)
  5 ogres
  7 sky beasts
  An ice beast (D:9)
  10 crocodiles
  4 phantoms
  A necrophage (D:11)
  6 centaurs
  18 giant frogs
  Dowan (D:5)
  4 scorpions
  6 killer bees
  A water moccasin skeleton (D:7)
  4 wights (D:8)
  2 giant frog zombies
  8 orc priests
  2 giant frog skeletons
  A quasit (D:8)
  6 crimson imps
  7 hounds
  2 jellies (D:7)
  Terence (D:1)
  4 hell rats (Lair:2)
  7 iguanas
  11 orc wizards
  6 worker ants
  4 sheep
  2 hound skeletons
  2 worker ant zombies (D:7)
  8 gnolls
  6 adders
  3 shadow imps
  24 river rats
  3 oozes
  3 adder skeletons
  3 giant geckos
  35 orcs
  10 bats
  A bat zombie (D:6)
  8 giant cockroaches
  8 hobgoblins
  8 jackals
  12 kobolds
  3 quokkas
  A giant gecko zombie (D:6)
  6 giant newts
  2 giant spores
  10 goblins
  A quokka zombie (D:6)
  12 rats
  9 ballistomycetes
386 creatures vanquished.

Vanquished Creatures (collateral kills)
  A manticore (D:9)
  A torpor snail (Lair:1)
  A centaur skeleton (D:10)
  A komodo dragon (Lair:1)
  A fire drake (Lair:2)
  A troll (D:11)
  A blink frog (Lair:1)
  3 slime creatures (D:11)
  3 yaks
  3 hippogriffs
  2 basilisks (Lair:1)
  2 deep elf fighters (D:10)
  A hungry ghost (D:9)
  3 hogs (Lair:5)
  A water moccasin (Lair:5)
  An ice beast (D:11)
  2 wargs (D:11)
  An orc warrior (D:11)
  A porcupine (Lair:1)
  A necrophage (D:9)
  An ogre (D:9)
  3 giant frogs (Lair:1)
  2 crocodiles (Lair:1)
  4 killer bees
  2 orc priests
  6 orc wizards
  2 hell rats (Lair:2)
  13 sheep
  An adder (D:11)
  7 river rats
  9 orcs
  A jackal (D:10)
  A butterfly (Lair:1)
83 creatures vanquished.

Vanquished Creatures (others)
  36 ice beasts
  2 giant spores
  2 ballistomycetes (D:9)
  2 fungi (Lair:1)
  A plant (Lair:2)
43 creatures vanquished.

Grand Total: 512 creatures vanquished

Notes
Turn   | Place    | Note
--------------------------------------------------------------
     0 | D:1      | oplop, the Merfolk Ice Elementalist, began the quest for the Orb.
     0 | D:1      | Reached XP level 1. HP: 13/13 MP: 3/3
   216 | D:1      | Reached XP level 2. HP: 19/19 MP: 1/5
   794 | D:2      | Gained mutation: You are resistant to hostile enchantments. [potion of beneficial mutation]
  1128 | D:2      | Found a shattered altar of Ashenzari.
  1128 | D:2      | Noticed Terence
  1154 | D:1      | Reached skill level 1 in Polearms
  1154 | D:1      | Reached XP level 3. HP: 18/24 MP: 1/7
  1433 | D:1      | Killed Terence
  1900 | D:2      | Reached XP level 4. HP: 30/30 MP: 8/8
  2016 | D:3      | Reached skill level 4 in Ice Magic
  2289 | D:3      | Learned a level 3 spell: Ozocubu's Armour
  2331 | D:3      | Reached XP level 5. HP: 26/35 MP: 1/10
  2528 | D:3      | Noticed oplop's ghost (average MfIE)
  2557 | D:3      | Learned a level 2 spell: Throw Frost
  2906 | D:3      | Reached XP level 6. HP: 22/41 MP: 7/11
  3168 | D:3      | Found a sacrificial altar of Ru.
  3189 | D:3      | Found a glowing golden altar of the Shining One.
  3587 | D:3      | HP: 1/42 [phantom (10)]
  4126 | D:4      | Reached skill level 1 in Fighting
  4126 | D:4      | Reached skill level 5 in Ice Magic
  4411 | D:4      | Found a sparkling altar of Nemelex Xobeh.
  4426 | D:4      | Reached XP level 7. HP: 40/48 MP: 4/13
  4608 | D:4      | You fall through a shaft!
  4608 | D:5      | Entered Level 5 of the Dungeon
  4608 | D:5      | Found Lusuco Duoza's Gadget Emporium.
  4757 | D:5      | Noticed Duvessa
  4759 | D:5      | Noticed Dowan
  5067 | D:5      | Reached skill level 5 in Polearms
  5067 | D:5      | Reached skill level 5 in Spellcasting
  5182 | D:5      | Reached skill level 6 in Ice Magic
  5355 | D:5      | Found a staircase to the Ecumenical Temple.
  5403 | D:5      | Found a snail-covered altar of Cheibriados.
  5403 | D:5      | Found a shadowy altar of Dithmenos.
  5428 | Temple   | Entered the Ecumenical Temple
  5471 | Temple   | Became a worshipper of Warmaster Okawaru
  5543 | D:5      | Killed Duvessa
  5543 | D:5      | Reached XP level 8. HP: 41/57 MP: 4/16
  5627 | D:5      | Killed Dowan
  5825 | D:5      | Found an opulent altar of Gozag.
  5894 | D:6      | Acquired Okawaru's first power
  5954 | D:6      | Learned a level 4 spell: Condensation Shield
  6087 | D:6      | Reached skill level 7 in Ice Magic
  6091 | D:6      | Gained mutation: You are somewhat resistant to further mutation. [mutagenic meat]
  6502 | D:6      | Found a white marble altar of Elyvilon.
  6502 | D:6      | Noticed Sigmund
  6516 | D:6      | Killed Sigmund
  6516 | D:6      | Reached XP level 9. HP: 53/63 MP: 4/18
  6540 | D:6      | Noticed Prince Ribbit
  6541 | D:6      | Found a stormy altar of Qazlal.
  6551 | D:6      | Killed Prince Ribbit
  6551 | D:6      | Reached skill level 8 in Ice Magic
  8028 | D:7      | Learned a level 4 spell: Summon Ice Beast
  8174 | D:8      | Reached skill level 5 in Dodging
  8488 | D:8      | Reached skill level 9 in Ice Magic
  8684 | D:8      | Found a sacrificial altar of Ru.
  8782 | D:8      | Reached XP level 10. HP: 47/70 MP: 8/21
  8993 | D:9      | Found a shimmering altar of Xom.
  8994 | D:9      | Found a shimmering altar of Xom.
  8995 | D:9      | Found a shimmering altar of Xom.
  8995 | D:9      | Found a shimmering altar of Xom.
  9190 | D:9      | Found a radiant altar of Vehumet.
  9365 | D:9      | HP: 3/70 [something (10)]
  9648 | D:9      | Found a shimmering altar of Xom.
  9703 | D:9      | Got an ichor-stained robe
  9714 | D:9      | Identified the +1 robe of Duck's Teeth {rElec MR+ Dex-3 Stlth+} (You found it on level 9 of the Dungeon)
  9757 | D:9      | Noticed a manticore
 10150 | D:9      | Learned a level 4 spell: Throw Icicle
 10677 | D:9      | Reached skill level 10 in Ice Magic
 10877 | D:9      | Killed a manticore
 10998 | D:10     | Entered Level 10 of the Dungeon
 11676 | D:10     | Noticed a deep elf conjurer
 11723 | D:10     | Killed a deep elf conjurer
 12123 | D:10     | Found a glowing golden altar of the Shining One.
 12201 | D:10     | Reached XP level 11. HP: 78/78 MP: 9/24
 12211 | D:10     | Reached skill level 5 in Fighting
 12218 | D:10     | Reached skill level 11 in Ice Magic
 13222 | D:10     | Noticed a hill giant
 13242 | D:10     | Killed a hill giant
 13433 | D:11     | Noticed a hill giant
 13445 | D:11     | Killed a hill giant
 13445 | D:11     | Acquired Okawaru's second power
 13445 | D:11     | Received a gift from Okawaru
 13445 | D:11     | Reached skill level 1 in Conjurations
 13447 | D:11     | Reached skill level 10 in Polearms
 14191 | D:11     | Found a staircase to the Lair.
 14221 | D:11     | Reached skill level 10 in Spellcasting
 14305 | D:11     | Noticed a hill giant
 14417 | D:11     | Killed a hill giant
 14417 | D:11     | Received a gift from Okawaru
 15151 | D:12     | Found a staircase to the Orcish Mines.
 15442 | Lair:1   | Entered Level 1 of the Lair of Beasts
 15586 | Lair:1   | Reached XP level 12. HP: 61/86 MP: 13/26
 16784 | Lair:1   | Received a gift from Okawaru
 17064 | Lair:1   | Found a snail-covered altar of Cheibriados.
 17319 | Lair:1   | Reached skill level 12 in Polearms
 17999 | Lair:2   | Noticed a seven-headed hydra
 18184 | Lair:2   | Noticed Fannar
 18837 | Lair:2   | Killed Fannar
 19328 | Lair:3   | Found a staircase to the Swamp.
 20006 | Lair:4   | Reached skill level 5 in Conjurations
 20521 | Lair:4   | Noticed Nergalle
 20533 | Lair:4   | Noticed a spectral orc warlord
 20539 | Lair:4   | Killed Nergalle
 20539 | Lair:4   | Received a gift from Okawaru
 20784 | Lair:3   | Reached skill level 13 in Polearms
 21618 | Lair:5   | Reached XP level 13. HP: 88/95 MP: 23/28
 21681 | Lair:5   | Found a hole to the Spider Nest.
 21892 | Lair:5   | Noticed Kirke
 21954 | Lair:5   | HP: 3/95 [harpy[Kirke] (6)]
 21955 | Lair:5   | Mangled by a harpy

Action                   |  1- 3 |  4- 6 |  7- 9 | 10-12 | 13-15 || total
-------------------------+-------+-------+-------+-------+-------++-------
Melee: Unarmed           |    14 |       |       |       |       ||    14
       Dagger            |    26 |    39 |       |       |       ||    65
       Spear             |       |   133 |   330 |       |       ||   463
       Trident           |       |       |    70 |  1003 |       ||  1073
       Halberd           |       |       |       |   293 |    32 ||   325
 Cast: Freeze            |    27 |    48 |   114 |   153 |    20 ||   362
       Throw Frost       |       |    11 |     8 |    51 |       ||    70
       Ozocubu's Armour  |       |     9 |    10 |    47 |     1 ||    67
       Condensation Shie |       |       |    10 |    49 |     1 ||    60
       Summon Ice Beast  |       |       |     4 |    97 |     3 ||   104
       Throw Icicle      |       |       |       |    27 |     3 ||    30
Invok: Heroism           |       |       |     6 |    22 |     2 ||    30
       Finesse           |       |       |       |     2 |       ||     2
Evoke: Wand              |       |       |     7 |       |       ||     7
  Use: Scroll            |     3 |     2 |    11 |    30 |     2 ||    48
       Potion            |     1 |       |       |     6 |       ||     7
 Stab: Sleeping          |     3 |     5 |    14 |    12 |       ||    34
       Distracted        |     1 |     1 |     1 |    20 |     1 ||    24
       Confused          |       |       |     2 |       |       ||     2
       Fleeing           |       |       |       |     1 |       ||     1
  Eat: Chunk             |     1 |     1 |     6 |    36 |     1 ||    45
       Pizza             |     1 |     1 |     1 |     7 |       ||    10
       Meat ration       |       |     2 |     1 |     3 |       ||     6
       Bread ration      |       |       |     1 |       |       ||     1
       Beef jerky        |       |       |       |     2 |       ||     2
       Fruit             |       |       |       |       |     1 ||     1
